 Dungeon Crawl Stone Soup version 0.30.1-9-gdf580d7c3d (webtiles) character file.

Game seed: 10001695614671982158

839 lonewolfV2 the Magician (level 7, -5/46 HPs)
             Began as a Demonspawn Air Elementalist on Oct 24, 2023.
             Was an Initiate of Sif Muna.
             Slain by a hornet (15 damage)
             ... on level 6 of the Dungeon.
             The game lasted 00:16:23 (10200 turns).

lonewolfV2 the Magician (DsAE)                     Turns: 10200, Time: 00:16:23

Health: -5/46      AC:  5    Str:  9    XL:     7   Next: 67%
Magic:  14/16      EV: 12    Int: 18    God:    Sif Muna [......]
Gold:   340        SH:  0    Dex: 13    Spells: 8/18 levels left

rFire   . . .        (no weapon)
rCold   + . .        (no shield)
rNeg    . . .        h - +1 robe {rC+}
rPois   .            d - +0 helmet
rElec   .            (no cloak)
rCorr   +            (no gloves)
SInv    .            t - +0 pair of boots
Will    .....        l - amulet of magic regeneration
Stlth   ++           c - ring of resist corrosion
HPRegen 0.27/turn    (no ring)
MPRegen 0.55/turn

%: no passive effects
@: mighty, very slightly contaminated, slowed, very slow
A: powered by pain 1, demonic touch 1
a: Renounce Religion


You were on level 6 of the Dungeon.
You worshipped Sif Muna.
Sif Muna was noncommittal.
You visited 2 branches of the dungeon, and saw 7 of its levels.

You collected 340 gold pieces.

Inventory:

Missiles
 j - a throwing net
Armour
 a - a +0 robe
 d - a +0 helmet (worn)
 h - a +1 robe of cold resistance (worn)
 t - a +0 pair of boots (worn)
Jewellery
 c - a ring of resist corrosion (left hand)
 l - an amulet of magic regeneration (around neck)
 n - a ring of willpower
 q - a ring of ice
Scrolls
 m - 4 scrolls of teleportation
 r - a scroll of blinking
 v - a scroll of noise
Potions
 b - a potion of magic
 e - a potion of lignification {unknown}
 f - 2 potions of mutation {unknown}
 g - 3 potions of cancellation
 i - a potion of ambrosia {unknown}
 k - 2 potions of heal wounds
 o - 2 potions of flight {unknown}
 p - 2 potions of might {unknown}
 s - 2 potions of curing {unknown}


   Skills:
 - Level 1.7 Dodging
 - Level 1.7 Stealth
 * Level 6.3 Spellcasting
 - Level 1.0 Conjurations
 + Level 5.8 Air Magic


You had 8 spell levels left.
You knew the following spells:

 Your Spells              Type           Power      Damage    Failure   Level
a - Shock                 Conj/Air       72%        1d7       2%          1
b - Static Discharge      Conj/Air       36%        2-4/arc   4%          2
c - Airstrike             Air            13%        2d(2-18)  11%         4
d - Swiftness             Air            26%        N/A       3%          3

Your spell library contained the following spells:

 Spells                   Type           Power      Damage    Failure   Level
 Ozocubu's Armour         Ice            5%         N/A       34%         3
 Metabolic Englaciation   Hex/Ice        2%         N/A       97%         5
 Simulacrum               Ice/Necr       2%         N/A       100%        6


Dungeon Overview and Level Annotations

Branches:
Dungeon (6/15)             Temple (1/1) D:5

Altars:
Ashenzari
Cheibriados
Dithmenos
Gozag
Hepliaklqana
Kikubaaqudgha
Makhleb
Okawaru
Qazlal
Sif Muna
Trog
Uskayaw
Vehumet
Wu Jian
Xom

Shops:
D:2 [   D:5 [


Innate Abilities, Weirdness & Mutations

You sometimes gain a little power by taking damage.
Your touch may inflict minor irresistible damage on your foes.


Message History

You miscast Airstrike.
You are very lightly contaminated with residual magic.
Nothing appears to happen.
A centaur comes into view.
Casting: Airstrike (quite dangerous; 11% risk of failure)
Confirm with . or Enter, or press ? or * to list all spells.
Aiming: Shock (safe; 2% risk of failure)
Press: ? - help, Shift-Dir - straight line, f/p - hornet
Aim: a hornet (57% to hit)
The zap misses the hornet.
The centaur shouts!
The centaur wields a +0 shortbow.
The centaur shoots an arrow.
The arrow hits you!
You focus on the pain.
You feel your power returning.
Casting: Shock (safe; 2% risk of failure)
Confirm with . or Enter, or press ? or * to list all spells.
Aiming: Shock (safe; 2% risk of failure)
Press: ? - help, Shift-Dir - straight line, f/p - hornet
Aim: a hornet (57% to hit)
The zap misses the hornet.
The centaur shoots an arrow.
The arrow hits you.
Casting: Shock (safe; 2% risk of failure)
Confirm with . or Enter, or press ? or * to list all spells.
The hornet is struck by an arc of lightning.
The hornet is lightly wounded.
You are struck by an arc of lightning.
The lightning grounds out.
The centaur shoots an arrow.
The arrow hits you! The hornet stings you.
You feel yourself slow down.
The centaur shoots an arrow.
The arrow hits you but does no damage.
Casting: Static Discharge (safe; 4% risk of failure)
Confirm with . or Enter, or press ? or * to list all spells.
Aiming: Shock (safe; 2% risk of failure)
Press: ? - help, Shift-Dir - straight line, f/p - hornet
Aim: a hornet (lightly wounded, 57% to hit)
The zap hits the hornet.
The hornet is moderately wounded.
The hornet barely misses you.
The centaur shoots an arrow.
The arrow hits you!
* * * LOW HITPOINT WARNING * * *
You focus on the pain.
You feel very mighty all of a sudden. The hornet stings you!
You die...

.#..# #.....## ....#
##...#.##.
#..###.....#c#. ##.
#......##..#.. ....
#.....####...## ....#
###..#..##......###....
.....##.....##...#..#
#..#####...###.#...##
##...##..#..#...@y..#
#.#.#..###..#..##......
#.##...####...## #....#
#.####..##.....#.# .#..
..####..#.......# # .
.###...#.##......# ##
#..##########.## #.##
.# #.# ##


You could see a hornet and a centaur.

Vanquished Creatures
  Eustachio (D:4)
  2 phantoms
  A kobold brigand (D:5)
  A scorpion (D:6)
  An orc priest (D:3)
  5 iguanas
  3 orc wizards
  4 gnolls (D:2)
  6 adders
  A shadow imp (D:6)
  An ufetubus (D:4)
  A worm (D:2)
  8 orcs
  5 bats
  3 endoplasms
  4 giant cockroaches
  9 goblins
  6 hobgoblins
  17 kobolds
  4 quokkas
  4 ball pythons
  2 frilled lizards
  12 rats
101 creatures vanquished.

Notes
Turn   | Place    | Note
-------+----------+-------------------------------------------
     0 | D:1      | lonewolfV2 the Demonspawn Air Elementalist began the quest
                  | for the Orb.
     0 | D:1      | Reached XP level 1. HP: 13/13 MP: 3/3
   503 | D:1      | Gained mutation: You sometimes gain a little power by
                  | taking damage. [demonic ancestry]
   503 | D:1      | Reached XP level 2. HP: 18/19 MP: 1/5
   917 | D:1      | Learned a level 2 spell: Static Discharge
  2473 | D:2      | Reached XP level 3. HP: 24/24 MP: 1/7
  3288 | D:2      | Found Baymu's Armour Shoppe.
  3560 | D:2      | Reached skill level 3 in Spellcasting
  3901 | D:2      | Reached XP level 4. HP: 20/30 MP: 3/8
  5656 | D:3      | HP: 1/30 [orc priest/divine providence (14)]
  5658 | D:3      | Reached XP level 5. HP: 2/35 MP: 8/10
  5952 | D:3      | Found a bloodstained altar of Trog.
  6041 | D:3      | Found a faded altar of an unknown god.
  6047 | D:3      | Learned a level 4 spell: Airstrike
  6281 | D:3      | Learned a level 3 spell: Swiftness
  6453 | D:4      | Reached skill level 4 in Spellcasting
  7125 | D:4      | Noticed a phantom
  7127 | D:4      | Reached XP level 6. HP: 41/41 MP: 10/12
  7592 | D:4      | Noticed Eustachio
  7599 | D:4      | Killed Eustachio
  7600 | D:4      | Reached skill level 5 in Spellcasting
  7600 | D:4      | Reached skill level 5 in Air Magic
  8025 | D:5      | Entered Level 5 of the Dungeon
  8139 | D:5      | Found a staircase to the Ecumenical Temple.
  8315 | D:5      | Gained mutation: Your touch may inflict minor irresistible
                  | damage on your foes. [demonic ancestry]
  8315 | D:5      | Reached XP level 7. HP: 38/46 MP: 9/15
  8631 | Temple   | Entered the Ecumenical Temple
  8928 | Temple   | Became a worshipper of Sif Muna the Loreminder
  9230 | D:5      | Reached skill level 6 in Spellcasting
  9800 | D:5      | Found Num Wew's Armour Boutique.
 10146 | D:6      | Noticed a hornet
 10200 | D:6      | Slain by a hornet

Illustrated notes

Levels and vault maps discovered:
D:1:      heliophobic_arrival_ceremonial_halls, layout_basic, chequers_garden,
          columned_hall_lemuel, lexackson_kobold_supper
D:2:      layout_basic, serial_shops, shop, serial_forest,
          infiniplex_forest_lined_room_3, infiniplex_forest_clump_curved,
          infiniplex_forest_straight_4, infiniplex_forest_end_double,
          infiniplex_forest_lined_room_, infiniplex_forest_corner_2,
          infiniplex_forest_clump_large, infiniplex_forest_clump_tiny,
          grunt_decor_mini_mirrors
D:3:      layout_basic, mainiacjoe_overflow_small_starburst,
          shapermc_ecumenical_altar_pompeii
D:4:      layout_loops_ring, uniq_eustachio
D:5:      layout_loops_cross, minmay_temple_entry_large_hall, serial_shops, shop
D:6:      hellmonk_destroyed_diamonds, layout_rooms,
          mainiacjoe_overflow_tiny_flanked, serial_curves, eino_curves_03,
          eino_curves_02, minmay_misc_feat_iff
Temple:   minmay_temple_bridge_d

Skill      XL: |  1  2  3  4  5  6  7 |
---------------+----------------------+-----
Air Magic      | 3 4 5 |  5.8
Spellcasting   | 3 4 5 6 |  6.3
Dodging        | |  1.7
Stealth        | |  1.7
Conjurations   | |  1.0

Action                     |  1- 3 |  4- 6 |  7- 9 || total
---------------------------+-------+-------+-------++-------
  Melee: Unarmed           |    11 |     1 |       ||    12
   Cast: Shock             |    86 |    97 |    33 ||   216
         Static Discharge  |    10 |    14 |     5 ||    29
         Airstrike         |       |    15 |     7 ||    22
         Swiftness         |       |     2 |     1 ||     3
    Use: Scroll            |     4 |     4 |     2 ||    10
 Armour: Robe              |    15 |     9 |     4 ||    28
  Dodge: Dodged            |    51 |    21 |    12 ||    84
